 Dungeon Crawl Stone Soup version 0.14-a0-2506-gc7bb754 (webtiles) character file.

775 Jenx the Cudgeler (level 7, -11/38 HPs)
             Began as a Gargoyle Healer on Feb 9, 2014.
             Was a Believer of Elyvilon.
             Mangled by Prince Ribbit (13 damage)
             ... on Level 4 of the Dungeon.
             The game lasted 00:15:22 (4197 turns).

Jenx the Cudgeler (Gargoyle Healer)                 Turns: 4197, Time: 00:15:22

HP -11/38        AC 14     Str 17      XL: 7   Next: 41%
MP  11/13        EV 13     Int 13      God: Elyvilon [**....]
Gold 174         SH  0     Dex 14      Spells:  0 memorised,  6 levels left

rFire  + . .     SeeInvis .     a - +0 orc flail
rCold  . . .     Clarity  .     t - +3 orc scale mail {rF+}
rNeg   + . .     Conserve .     (no shield)
rPois  +         rCorr    .     (no helmet)
rElec  +         rRot     +     C - +0 cloak
SustAb . .       Spirit   .     (no gloves)
rMut   .         Warding  .     (no boots)
Gourm  +         Stasis   .     w - amulet of the gourmand
MR     .....                    (no ring)
                                (no ring)

@: agile, not resistant to hostile enchantments, very unstealthy
A: life protection 1, electricity resistance, unbreathing, petrification
resistance, AC +4
a: Lesser Healing, Lesser Self-Healing, Divine Protection, Purification,
Renounce Religion


You were on level 4 of the Dungeon.
You worshipped Elyvilon.
Elyvilon was pleased with you.
You were full.

You visited 1 branch of the dungeon, and saw 4 of its levels.

You collected 174 gold pieces.

Inventory:

Hand weapons
 a - a +0,+0 orcish flail (weapon)
 A - a +1,+1 whip
Armour
 t - a +3 orcish scale mail of fire resistance (worn)
 C - a +0 cloak (worn)
Magical devices
 i - a wand of digging (16)
 z - a wand of teleportation (0)
Comestibles
 d - 3 bread rations
 B - a chunk of giant newt flesh
Scrolls
 e - a scroll of enchant armour {unknown}
 j - 2 scrolls of teleportation {unknown}
 l - a scroll of identify
 n - a scroll of fear {unknown}
 o - a scroll of curse armour {unknown}
 q - a scroll of fog {unknown}
 u - 2 scrolls of amnesia {unknown}
 v - a scroll of immolation {unknown}
 x - a scroll of remove curse {unknown}
 y - a scroll of random uselessness {unknown}
Jewellery
 w - an amulet of the gourmand (around neck)
Potions
 b - 2 potions of curing
 c - 3 potions of heal wounds
 f - a potion of speed {unknown}
 g - a potion of brilliance {unknown}
 h - a potion of confusion {unknown}
 k - a potion of beneficial mutation {unknown}
 p - a potion of agility
 r - a potion of poison {unknown}
 s - 2 potions of magic {unknown}


   Skills:
 - Level 1.1 Fighting
 * Level 7.2 Maces & Flails
 - Level 1.5 Dodging
 + Level 5.1 Invocations


You had 6 spell levels left.
You didn't know any spells.

Dungeon Overview and Level Annotations

Branches:
Dungeon (4/16)
 Temple: D:4-7

Altars:
Ashenzari
Elyvilon
Fedhas
Nemelex Xobeh
Xom

Annotations:
D:4 1 exclusion, Menkaure, Prince Ribbit


Innate Abilities, Weirdness & Mutations

You are resistant to torment.
You are immune to poison.
Your stone body is very resilient (AC +4).
You resist negative energy.
You are resistant to electric shocks.
You can survive without breathing.
You are immune to petrification.


Message History

Elyvilon approves of your offer of peace.
The adder turns neutral.
You can now purify yourself.
You heal the adder.
The adder is completely healed.
You feel somewhat less full. Prince Ribbit hits you. Prince Ribbit hits you!
You miss Prince Ribbit.
Prince Ribbit is heavily wounded.
Prince Ribbit croaks regally.
Prince Ribbit hits you.
* * * LOW HITPOINT WARNING * * *
You hit Prince Ribbit.
Prince Ribbit is heavily wounded.
Prince Ribbit hits you.
* * * LOW HITPOINT WARNING * * *
Prince Ribbit barely misses you.
Prince Ribbit momentarily phases out as your attack passes through him.
Prince Ribbit is heavily wounded.
Prince Ribbit hits you!
You die...

≈≈≈#.# #.........# >.≈#.#
#.........# ⌠_≈#.#
#.........# ≈≈≈#.#
#.........#
####.###.........#########
..........................
..........................
.(.........................
...............F@..........
...........................
..........................
.................(........
..F..... .................
... ......(........
......####### .S...# ....#


You could see Prince Ribbit and a neutral adder (wandering).

Vanquished Creatures
  Grinder (D:3)
  An ice beast (D:4)
  2 orc priests (D:3)
  Crazy Yiuf (D:3)
  Ijyb (D:2)
  Jessica (D:2)
  2 adders (D:3)
  2 worms (D:3)
  2 giant geckos (D:1)
  13 orcs (D:3)
  2 ball pythons (D:3)
  6 bats
  3 giant cockroaches
  9 hobgoblins
  4 jackals
  5 giant newts
  7 goblins
  3 kobolds
  10 rats
  A fungus (D:3)
76 creatures vanquished.

Vanquished Creatures (others)
  2 goblins (D:1)
  A giant newt (D:1)
  A rat (D:1)
4 creatures vanquished.

Grand Total: 80 creatures vanquished

Notes
Turn   | Place    | Note
--------------------------------------------------------------
     0 | D:1      | Jenx, the Gargoyle Healer, began the quest for the Orb.
     0 | D:1      | Reached XP level 1. HP: 12/12 MP: 2/2
   555 | D:1      | Reached XP level 2. HP: 14/16 MP: 2/4
   728 | D:1      | Reached skill level 4 in Invocations
  1051 | D:1      | Reached XP level 3. HP: 20/20 MP: 5/5
  1415 | D:2      | Found a blossoming altar of Fedhas.
  1439 | D:2      | Found a white marble altar of Elyvilon.
  1441 | D:2      | Found a shimmering altar of Xom.
  1474 | D:2      | Noticed Ijyb
  1597 | D:2      | Killed Ijyb
  1597 | D:2      | Reached skill level 1 in Maces & Flails
  1755 | D:2      | Reached XP level 4. HP: 25/25 MP: 7/7
  1859 | D:2      | Noticed Jessica
  1895 | D:2      | Killed Jessica
  2325 | D:3      | Reached skill level 5 in Invocations
  2325 | D:3      | Reached XP level 5. HP: 29/29 MP: 9/9
  2874 | D:3      | Noticed Grinder
  2876 | D:3      | Paralysed by Grinder for 3 turns
  2884 | D:3      | Paralysed by Grinder for 2 turns
  2892 | D:3      | Paralysed by Grinder for 3 turns
  3314 | D:3      | Killed Grinder
  3314 | D:3      | Reached skill level 6 in Maces & Flails
  3314 | D:3      | Reached XP level 6. HP: 22/34 MP: 11/11
  3314 | D:3      | Reached XP level 7. HP: 24/38 MP: 13/13
  3432 | D:3      | Found a shattered altar of Ashenzari.
  3536 | D:3      | Noticed Crazy Yiuf
  3554 | D:3      | Paralysed by Crazy Yiuf for 2 turns
  3559 | D:3      | Killed Crazy Yiuf
  3867 | D:4      | Reached skill level 7 in Maces & Flails
  3887 | D:4      | Noticed Menkaure
  4037 | D:4      | Noticed Prince Ribbit
  4147 | D:4      | Found a sparkling altar of Nemelex Xobeh.
  4193 | D:4      | Acquired Elyvilon's second power
  4197 | D:4      | Mangled by Prince Ribbit

Action                   |  1- 3 |  4- 6 |  7- 9 || total
-------------------------+-------+-------+-------++-------
Melee: Club              |   126 |       |       ||   126
       Unarmed           |    16 |       |       ||    16
       Whip              |   137 |   152 |       ||   289
       Flail             |       |    85 |    61 ||   146
Throw: Dart              |     2 |     3 |     2 ||     7
Invok: Lesser Healing    |    17 |     3 |    17 ||    37
       Lesser Self-Heali |     7 |    11 |     1 ||    19
Evoke: Wand              |     1 |       |       ||     1
  Use: Potion            |     1 |     2 |     1 ||     4
       Scroll            |       |     3 |     1 ||     4
